Map: Ephemeron LE

Players

Mez - Winner!

  • Race: Terran Terran
  • League: Master
  • Spawn Location: 5:00

Funcio

  • Race: Terran Terran
  • League: Master
  • Spawn Location: 11:00

VOD

Have the link to the VOD?

Description

Time

  • Played on: Sept. 9, 2019, 12:57 p.m.
  • Length: 10:20
Show
View Real Time Build Order
Export as new Build Order

Mez Terran - Winner!

Build Orders: Gas First Reaper Expand, Liberator Opening 

Get SALT Encoding   

  12  0:00  SCV  
  13  0:13  SCV  
  14  0:17  Supply Depot  
  14  0:25  SCV  
  14  0:28  Refinery  
  15  0:38  SCV  
  16  0:45  Barracks  
  16  0:50  SCV  
  17  1:03  SCV  
  18  1:15  SCV  
  19  1:33  Orbital Command, Reaper  
  20  1:45  Command Center  
  20  1:56  Factory  
  20  2:00  SCV  
  21  2:06  Barracks Reactor  
  21  2:13  Supply Depot  
  22  2:15  SCV  
  22  2:19  Refinery  
  22  2:27  SCV  
  22  2:46  Starport  
  22  2:48  Hellion x2, Barracks Tech Lab  
  26  2:52  SCV  
  28  3:08  Marauder  
  28  3:10  Hellion  
  31  3:13  Concussive Shells  
  31  3:15  Hellion  
  33  3:20  Orbital Command  
  33  3:27  Medivac  
  33  3:32  Marauder  
  37  3:40  Liberator  
  37  3:43  Hellion x2  
  41  3:55  SCV x2  
  46  4:04  Supply Depot  
  46  4:19  Supply Depot  
  46  4:25  SCV x2  
  42  4:45  Marine x2, Siege Tank  
  44  4:57  SCV x2  
  46  5:00  Starport Tech Lab  
  46  5:09  SCV x2  
  46  5:11  Command Center  
  48  5:18  Siege Tank  
  49  5:21  Marine x2  
  49  5:33  SCV x2  
  47  5:43  Raven  
  47  5:45  Marine, SCV x2, Barracks  
  47  5:47  Barracks  
  51  5:57  SCV x2  
  51  5:58  Siege Tank  
  55  6:08  Marine  
  55  6:09  Marine  
  54  6:13  Supply Depot  
  54  6:15  Engineering Bay  
  54  6:16  Engineering Bay  
  54  6:18  SCV x2  
  56  6:21  Refinery  
  56  6:22  Refinery  
  56  6:25  Orbital Command  
  56  6:33  SCV x2  
  57  6:45  SCV x2  
  57  6:52  Marine  
  56  6:55  Stimpack, Barracks Reactor x2  
  56  6:57  Orbital Command  
  56  6:58  SCV x2  
  56  6:59  Barracks, Terran Infantry Armor Level 1, Terran Infantry Weapons Level 1  
  56  7:01  Barracks  
  53  7:02  Orbital Command  
  51  7:10  SCV x2  
  53  7:17  Marine  
  53  7:19  Viking x2  
  53  7:22  SCV x2  
  60  7:29  Supply Depot  
  60  7:30  Supply Depot  
  60  7:34  SCV  
  61  7:39  SCV  
  61  7:42  SCV  
  61  7:43  Marine x3  
  61  7:44  Marine x2  
  67  7:45  Siege Tank  
  67  7:46  SCV  
  67  7:49  Barracks Reactor  
  67  7:50  Barracks Reactor  
  67  7:51  SCV  
  73  7:54  SCV  
  73  7:57  Medivac  
  73  7:58  SCV, Medivac  
  77  8:01  Marine x4  
  77  8:02  Refinery  
  77  8:03  SCV  
  77  8:04  Refinery  
  77  8:05  Marine  
  84  8:06  SCV, Supply Depot x2  
  84  8:10  SCV  
  87  8:15  SCV  
  87  8:18  Siege Tank, SCV  
  87  8:19  Marine x4  
  96  8:22  SCV  
  96  8:23  Marine  
  97  8:29  Marine x4  
  97  8:31  Armory  
  97  8:32  SCV x2  
  103  8:34  SCV  
  103  8:38  Marine  
  103  8:39  Marine x3  
  103  8:41  Marine  
  109  8:42  Supply Depot  
  109  8:44  Supply Depot  
  109  8:47  Marine  
  109  8:49  SCV x3  
  112  8:58  Barracks  
  112  9:00  Command Center  
  112  9:01  SCV, Barracks x2  
  113  9:04  Marine x2  
  113  9:05  Marine x6  
  113  9:06  Siege Tank  
  113  9:09  Medivac x2  
  128  9:17  SCV x3  
  131  9:29  Marine  
  131  9:30  Marine  
  131  9:31  Marine  
  133  9:39  Starport  
  133  9:44  Starport  
  133  9:50  Marine  
  133  9:51  Marine  
  133  9:57  Marine  
  133  9:59  Marine  
Show
View Real Time Build Order
Export as new Build Order

Funcio Terran 

Build Orders: Reaper Expand, Mech 

Get SALT Encoding   

  12  0:00  SCV  
  13  0:12  SCV  
  14  0:17  Supply Depot  
  14  0:25  SCV  
  15  0:38  SCV  
  15  0:39  Barracks  
  16  0:44  Refinery  
  16  0:52  SCV  
  17  1:04  SCV  
  18  1:17  SCV  
  19  1:28  Reaper  
  19  1:32  Command Center  
  20  1:40  Orbital Command  
  20  1:48  Supply Depot  
  20  2:06  Factory  
  20  2:09  SCV  
  20  2:12  Refinery  
  21  2:21  SCV  
  21  2:22  Barracks Reactor  
  22  2:33  SCV  
  22  2:45  SCV  
  22  2:47  Orbital Command  
  22  2:51  Widow Mine  
  25  2:55  Starport  
  25  2:59  Marine x2  
  25  3:00  SCV  
  29  3:12  SCV  
  29  3:15  Factory Tech Lab  
  29  3:18  Marine x2  
  31  3:22  SCV  
  31  3:25  SCV  
  33  3:33  Starport Tech Lab  
  33  3:34  SCV  
  33  3:37  SCV  
  35  3:42  Refinery  
  35  3:43  Marine  
  35  3:44  Marine, Cyclone  
  35  3:45  Refinery  
  35  3:46  SCV  
  41  3:50  SCV  
  42  3:58  SCV  
  42  3:59  Raven  
  45  4:03  SCV  
  45  4:07  Supply Depot  
  46  4:27  Marine x2  
  46  4:28  SCV x2  
  46  4:31  Command Center  
  42  4:42  Cyclone  
  39  4:53  Marine x2  
  39  4:56  Raven  
  39  4:59  SCV x2  
  37  5:11  Marine x2  
  35  5:29  Marine x2  
  36  5:37  SCV x2  
  38  5:51  Cyclone  
  38  5:53  SCV  
  38  5:54  SCV  
  43  6:05  SCV  
  43  6:06  SCV  
  43  6:07  Marine x2  
  47  6:13  Factory  
  47  6:16  Factory  
  47  6:18  SCV x2  
  49  6:30  SCV x2  
  49  6:32  Siege Tank  
  46  6:53  SCV x3  
  41  6:59  Marine x2  
  42  7:17  Orbital Command  
  41  7:29  SCV x2  
  43  7:38  Siege Tank x2, Hellion x2  
  43  7:41  SCV x2  
  53  7:48  SCV  
  54  7:53  SCV x2  
  54  7:55  Starport Reactor  
  56  7:58  Infernal Pre-Igniter  
  56  8:00  SCV  
  56  8:03  Armory x2  
  56  8:05  SCV x2  
  59  8:12  SCV  
  60  8:17  SCV x2  
  62  8:22  Siege Tank x2, Factory x2, Hellion x2  
  62  8:24  SCV  
  73  8:29  SCV x2  
  73  8:32  Supply Depot  
  73  8:33  Supply Depot  
  75  8:38  Orbital Command  
  75  8:46  SCV x2  
  77  8:53  Viking x2  
  77  8:54  Hellion x2  
  83  8:58  SCV x2  
  85  9:08  Factory Tech Lab x2  
  85  9:10  SCV x2  
  85  9:11  SCV  
  88  9:19  Siege Tank, Hellion  
  93  9:24  Supply Depot  
  93  9:25  Siege Tank, SCV, Hellion  
  99  9:31  Refinery  
  99  9:35  Refinery  
  96  9:58  Hellion  
Tags
 
Add a new tag
Caveats
  • Supply blocks, unpowered buildings, or Contaminate may cause inaccurate times.
  • Supply counts are checked every 10 seconds.